 Dungeon Crawl Stone Soup version 0.18.1-5-g4a78601 (webtiles) character file.

74186 Hubbles the Impaler (level 15, 0/141 HPs)
             Began as a Minotaur Gladiator on May 9, 2016.
             Was the Champion of the Shining One.
             Slain by Saint Roka
             ... wielding a +2 battleaxe of flaming
              (21 damage)
             ... on level 1 of the Orcish Mines.
             The game lasted 00:55:19 (22686 turns).

Hubbles the Impaler (Minotaur Gladiator)           Turns: 22686, Time: 00:55:21

Health: 0/141      AC: 14    Str: 30    XL:     15   Next: 6%
Magic:  0/33       EV: 14    Int:  9    God:    the Shining One [******]
Gold:   835        SH: 10    Dex: 15    Spells: 0 memorised, 14 levels left

rFire  + . .     SeeInvis .     a - +3 trident
rCold  + + .     Gourm    .     q - +4 moon troll leather armour {Spirit, Regen++ MP+5}
rNeg   + + +     Faith    .     N - +0 buckler
rPois  .         Spirit   +     c - +1 hat
rElec  .         Dismiss  .     y - +0 cloak
rCorr  .         Reflect  +     g - +0 pair of gloves
SustAt .         Harm     .     (no boots)
MR     +....                    i - +4 amulet of reflection
Stlth  +.........               d - ring "Mymosokk" {rF+ MP+9 Str+3 Slay+5}
                                z - +5 ring of dexterity

@: glowing, somewhat resistant to hostile enchantments, very unstealthy
A: retaliatory headbutt, horns 2, clever 2, cold resistance 2, low mp 1, sense
surroundings 1, screaming 1, MP-powered wands
a: Divine Shield, Cleansing Flame, Summon Divine Warrior, Brand Weapon With Holy
Wrath, Renounce Religion


You were on level 1 of the Orcish Mines.
You worshipped the Shining One.
The Shining One was exalted by your worship.
You were not hungry.

You visited 4 branches of the dungeon, and saw 24 of its levels.
You visited 1 bazaar.

You collected 1902 gold pieces.
You spent 1040 gold pieces at shops.
You donated 27 gold pieces to Zin.

Inventory:

Hand Weapons
 a - a +3 trident (weapon)
Armour
 c - a +1 hat (worn)
 g - a +0 pair of gloves (worn)
 n - a +0 plate armour
 q - the +4 moon troll leather armour (worn) {Spirit, Regen++ MP+5}
   (You found it on level 6 of the Dungeon)

   It affects your magic capacity (+5).
   It increases your rate of regeneration.
 y - a +0 cloak (worn)
 N - a +0 buckler (worn)
Jewellery
 d - the ring "Mymosokk" (right hand) {rF+ MP+9 Str+3 Slay+5}
   (You bought it in a shop in a bazaar)

   [ring of magical power]

   It affects your strength (+3).
   It affects your accuracy and damage with ranged weapons and melee attacks
   (+5).
   It protects you from fire.
   It affects your magic capacity (+9).
 i - a +4 amulet of reflection (around neck)
 s - an uncursed ring of protection from magic
 z - a +5 ring of dexterity (left hand)
 F - an uncursed ring of poison resistance
Wands
 r - a wand of iceblast (1/15)
 C - a wand of teleportation (3/9)
 I - a wand of lightning (2/15)
Scrolls
 b - a scroll of silence
 e - 8 scrolls of remove curse
 l - 5 scrolls of noise
 t - 5 scrolls of identify
 v - 4 scrolls of magic mapping
 x - 2 scrolls of amnesia
 B - 2 scrolls of enchant weapon
 E - 3 scrolls of recharging
 G - 3 scrolls of teleportation
Potions
 h - 2 potions of resistance
 j - 3 potions of ambrosia
 k - 2 potions of curing
Comestibles
 f - 10 bread rations
 m - 6 chunks of flesh
 w - 3 meat rations
 A - 15 fruits
 Q - 15 beef jerkies


   Skills:
 + Level 15.5 Fighting
 + Level 18.0 Polearms
 - Level 2.0 Throwing
 + Level 14.2 Armour
 - Level 5.1 Dodging
 - Level 7.6 Shields
 - Level 10.0 Invocations


You had 14 spell levels left.
You didn't know any spells.

Dungeon Overview and Level Annotations

Branches:
Dungeon (13/15)            Temple (1/1) D:6            Lair (8/8) D:11
 Shoals (0/4) Lair:4       Spider (0/4) Lair:3        Slime (0/6) Lair:6
    Orc (2/2) D:12            Elf (0/3) Orc:2        Vaults (0/5) D:13

Altars:
Ashenzari
Cheibriados
Dithmenos
Elyvilon
Fedhas
Gozag
Kikubaaqudgha
Makhleb
Nemelex Xobeh
Okawaru
Pakellas
Qazlal
Ru
Sif Muna
Trog
Vehumet
Xom
Yredelemnul
Zin
The Shining One

Shops:
D:4 ?   D:8 %

Annotations:
Lair:1 exclusion: oklob plant
Orc:1 Saint Roka


Innate Abilities, Weirdness & Mutations

You reflexively headbutt those who attack you in melee.
You have a pair of horns on your head.
Your mind is very acute. (Int +4)
Your flesh is very cold resistant.
Your magical capacity is low (-10% MP).
You passively map a small area around you.
You occasionally shout uncontrollably at your foes.
You expend magic power (3 MP) to strengthen your wands.


Message History

Saint Roka is severely wounded.
You block the troll's attack. The troll claws you.
* * * LOW HITPOINT WARNING * * *
You block the troll's attack.
Unknown command.
Unknown command.
You impale the troll!!
You kill the troll!
Saint Roka mumbles some strange prayers to Beogh against you.
Beogh smites you!
* * * LOW HITPOINT WARNING * * *
Unknown command.
Unknown command.
You puncture Saint Roka!
Saint Roka is almost dead.
Unknown command.
You hit Saint Roka. You headbutt Saint Roka!
Saint Roka is almost dead.
Saint Roka hits you with a battleaxe of flaming!!
You die...

##.###### ##.#.........#....#
#.....#.###...........#....##
##...........#...........###
###..#...............#.##.##
##..................##....##
#..........#...............#
###.....#................##.##
##.....##...([o†..........####
#......#.#...<@[...........#
##.#........[[.[..........##
##....#.................##
##.####...............## ###
###......).....## ##
#..............# .##
##.........##.## ..##
#.......[..#### .#.##
##........###


You could see Saint Roka.

Vanquished Creatures
  Rupert (Orc:1)
  Gastronok (Lair:2)
  A stone giant (Orc:1)
  The ghost of Talea the Grappler, a journeyman VSMo of Gozag (Lair:6)
  9 hydras
  Erica (D:8)
  A catoblepas (Lair:7)
  2 orc high priests
  Urug (Lair:2)
  Nergalle (Lair:2)
  Sonja (Orc:2)
  4 hill giants
  A lindwurm (Lair:7)
  6 orc knights
  Pikel (D:9)
  2 necromancers (D:13)
  An orc sorcerer (Orc:1)
  2 cyclopes (D:11)
  A manticore (D:13)
  An ugly thing (D:12)
  A siren (Lair:4)
  A centaur zombie (D:13)
  15 elephants
  5 black mambas
  12 spiny frogs
  A gargoyle (D:9)
  2 rime drakes
  11 komodo dragons
  9 polar bears
  6 trolls
  2 raiju (Lair:8)
  3 two-headed ogres
  20 blink frogs
  3 slime creatures (D:13)
  A boulder beetle (Lair:5)
  2 wraiths
  2 wyverns
  A vampire (D:11)
  A shadow (D:12)
  3 basilisks
  29 yaks
  A hog (D:8)
  A human (D:8)
  15 hippogriffs
  3 hungry ghosts
  11 wargs
  8 water moccasins
  6 hell hounds (Lair:8)
  12 porcupines
  A slave (D:9)
  3 sky beasts
  4 ice beasts
  14 black bears
  A necrophage (D:11)
  32 orc warriors
  A phantom (D:3)
  19 wolves
  7 ogres
  5 centaurs
  27 crocodiles
  The ghost of Crastinus the Twirler, an amateur GrGl (D:3)
  11 giant frogs
  5 scorpions
  5 killer bees (D:11)
  7 wights
  5 electric eels
  A howler monkey (D:6)
  5 crimson imps
  13 jellies
  24 orc priests
  19 hounds
  3 quasits
  2 giant frog skeletons
  A centaur skeleton (D:4)
  3 iguanas
  13 orc wizards
  5 worker ants
  27 sheep
  A killer bee zombie (D:8)
  A hound zombie (D:10)
  2 hound skeletons
  A worker ant zombie (D:8)
  7 gnolls
  52 river rats
  20 adders
  2 oozes
  An adder skeleton (D:4)
  An adder zombie (D:7)
  3 worms
  4 dart slugs
  4 giant geckos
  79 orcs
  12 bats
  12 giant cockroaches
  11 hobgoblins
  9 jackals
  5 quokkas
  6 giant newts
  13 goblins
  9 kobolds
  A quokka skeleton (D:5)
  11 rats
  A fungus (Lair:6)
  A plant (Lair:8)
759 creatures vanquished.

Vanquished Creatures (others)
  A river rat (Lair:5)
  17 fungi
  12 plants
30 creatures vanquished.

Grand Total: 789 creatures vanquished

Notes
Turn   | Place    | Note
--------------------------------------------------------------
     0 | D:1      | Hubbles the Minotaur Gladiator began the quest for the Orb.
     0 | D:1      | Reached XP level 1. HP: 18/18 MP: 0/0
    99 | D:1      | Reached XP level 2. HP: 20/25 MP: 1/1
   169 | D:1      | Reached skill level 4 in Polearms
   223 | D:1      | Reached skill level 1 in Armour
   471 | D:1      | Gained mutation: You passively map a small area around you. [potion of mutation]
   471 | D:1      | Gained mutation: Your flesh is cold resistant. [potion of mutation]
   471 | D:1      | Gained mutation: You are dopey. (Int -2) [potion of mutation]
   528 | D:1      | Reached XP level 3. HP: 31/31 MP: 2/2
   657 | D:2      | Found an iron altar of Okawaru.
  1472 | D:1      | Reached XP level 4. HP: 38/38 MP: 3/3
  1487 | D:2      | Reached skill level 5 in Polearms
  1747 | D:2      | Reached XP level 5. HP: 21/46 MP: 4/4
  2255 | D:3      | Noticed a phantom
  2282 | D:3      | Killed a phantom
  2282 | D:3      | Reached skill level 6 in Polearms
  2450 | D:3      | Noticed Crastinus's ghost (amateur GrGl)
  2466 | D:3      | Killed Crastinus's ghost
  2466 | D:3      | Reached XP level 6. HP: 29/53 MP: 5/5
  3167 | D:3      | Found a stormy altar of Qazlal.
  3178 | D:3      | Found a basalt altar of Yredelemnul.
  3188 | D:3      | Found a white marble altar of Elyvilon.
  3198 | D:3      | Found an iron altar of Okawaru.
  3246 | D:3      | Gained mutation: You expend magic power (3 MP) to strengthen your wands. [potion of mutation]
  3246 | D:3      | Gained mutation: You are robust (+10% HP). [potion of mutation]
  3246 | D:3      | Lost mutation: You are robust (+10% HP). [potion of mutation]
  3407 | D:3      | Found a shadowy altar of Dithmenos.
  3621 | D:4      | Found a snail-covered altar of Cheibriados.
  3642 | D:4      | Found a burning altar of Makhleb.
  3679 | D:4      | Reached skill level 7 in Polearms
  3733 | D:4      | Found Ecru's Magic Scroll Emporium.
  3736 | D:4      | Bought a scroll of identify for 20 gold pieces
  3736 | D:4      | Bought a scroll of identify for 20 gold pieces
  3738 | D:4      | Bought a scroll of identify for 20 gold pieces
  3738 | D:4      | Bought a scroll of identify for 20 gold pieces
  3766 | D:4      | Gained mutation: Your flesh is very cold resistant. [potion of beneficial mutation]
  3814 | D:4      | Reached XP level 7. HP: 60/60 MP: 6/6
  3828 | D:4      | Found a sparkling altar of Nemelex Xobeh.
  3858 | D:4      | Reached skill level 5 in Fighting
  4115 | D:5      | Entered Level 5 of the Dungeon
  4284 | D:5      | Reached skill level 8 in Polearms
  4292 | D:5      | Gained mutation: You occasionally shout uncontrollably at your foes. [mutagenic meat]
  4293 | D:5      | Lost mutation: You are dopey. (Int -2) [mutagenic meat]
  4294 | D:5      | Gained mutation: Your mind is acute. (Int +2) [mutagenic meat]
  4296 | D:5      | Gained mutation: You are partially covered in molten scales (AC +1). [mutagenic meat]
  4297 | D:5      | Gained mutation: Your mind is very acute. (Int +4) [mutagenic meat]
  4309 | D:5      | Found a shimmering altar of Xom.
  4408 | D:5      | Found an ancient bone altar of Kikubaaqudgha.
  4409 | D:5      | Found a blossoming altar of Fedhas.
  4473 | D:5      | Reached skill level 5 in Armour
  4721 | D:5      | Reached XP level 8. HP: 64/70 MP: 7/7
  5017 | D:6      | Reached skill level 9 in Polearms
  5318 | D:6      | Found a staircase to the Ecumenical Temple.
  5324 | Temple   | Entered the Ecumenical Temple
  5453 | Temple   | Became a worshipper of Zin the Law-Giver
  5453 | Temple   | Reached * piety under Zin
  5645 | D:6      | Reached ** piety under Zin
  5797 | Temple   | Fell from the grace of Zin
  5797 | Temple   | Became a worshipper of the Shining One
  5847 | D:7      | Found a sacrificial altar of Ru.
  6060 | D:7      | Reached skill level 10 in Polearms
  6157 | D:7      | Reached * piety under the Shining One
  6546 | D:7      | Found a deep blue altar of Sif Muna.
  6810 | D:8      | Found a white marble altar of Elyvilon.
  6827 | D:8      | Found Lugyuvun's Food Boutique.
  6837 | D:8      | Reached XP level 9. HP: 79/79 MP: 8/8
  7016 | D:8      | Reached skill level 11 in Polearms
  7242 | D:8      | Noticed Erica
  7253 | D:8      | Killed Erica
  7253 | D:8      | Reached skill level 5 in Dodging
  7394 | D:8      | Found a bloodstained altar of Trog.
  7526 | D:8      | Found a shattered altar of Ashenzari.
  7567 | D:9      | Noticed a troll
  7574 | D:9      | Killed a troll
  7574 | D:9      | Reached skill level 1 in Invocations
  7602 | D:9      | Noticed a gargoyle
  7621 | D:9      | Killed a gargoyle
  7621 | D:9      | Reached skill level 12 in Polearms
  7621 | D:9      | Reached XP level 10. HP: 51/90 MP: 8/10
  7641 | D:9      | Noticed Pikel
  7665 | D:9      | Killed Pikel
  7696 | D:9      | Got a heavily jewelled robe
  7697 | D:9      | Identified the cursed +1 robe of Caothrimp {rPois Int+2} (You found it on level 9 of the Dungeon)
  7731 | D:9      | Reached ** piety under the Shining One
  7758 | D:9      | Got a faintly glowing great sword {vamp}
  7868 | D:9      | Gained mutation: Your magical capacity is low (-10% MP). [mutagenic meat]
  8019 | D:10     | Entered Level 10 of the Dungeon
  8814 | D:11     | Reached skill level 13 in Polearms
  8816 | D:11     | Noticed a cyclops
  8833 | D:11     | Killed a cyclops
  8833 | D:11     | Reached skill level 5 in Invocations
  9040 | D:11     | Noticed a hill giant
  9051 | D:11     | Killed a hill giant
  9074 | D:11     | Found a staircase to the Lair.
  9144 | D:11     | Reached XP level 11. HP: 80/99 MP: 12/12
  9223 | D:11     | Reached skill level 10 in Fighting
  9236 | D:11     | Reached *** piety under the Shining One
  9398 | D:11     | Found a gateway to a bazaar.
  9951 | Lair:1   | Entered Level 1 of the Lair of Beasts
  9951 | Lair:1   | Noticed a seven-headed hydra
  9961 | Lair:1   | Killed a seven-headed hydra
 10122 | Lair:1   | Reached skill level 14 in Polearms
 10285 | Lair:1   | HP: 2/101 [komodo dragon (24)]
 10524 | Lair:1   | Reached skill level 1 in Shields
 10669 | Lair:1   | Noticed an oklob plant
 11151 | Lair:2   | Noticed Nergalle
 11151 | Lair:2   | Reached **** piety under the Shining One
 11162 | Lair:2   | Noticed Gastronok
 11172 | Lair:2   | Killed Nergalle
 11173 | Lair:2   | Noticed Urug
 11389 | Lair:2   | Killed Urug
 11389 | Lair:2   | Reached XP level 12. HP: 100/110 MP: 15/15
 11407 | Lair:2   | Killed Gastronok
 11407 | Lair:2   | Reached skill level 5 in Shields
 11468 | Lair:2   | Noticed a six-headed hydra
 11478 | Lair:2   | Killed a six-headed hydra
 12392 | Lair:3   | Found a hole to the Spider Nest.
 12418 | Lair:3   | Noticed a six-headed hydra
 12433 | Lair:3   | Killed a six-headed hydra
 12754 | Lair:4   | Reached skill level 15 in Polearms
 12891 | Lair:4   | Reached skill level 10 in Invocations
 13487 | Lair:4   | Found a staircase to the Shoals.
 13746 | Lair:5   | Reached XP level 13. HP: 97/118 MP: 17/17
 14298 | Lair:5   | Reached skill level 10 in Armour
 14801 | Lair:6   | Found a staircase to the Slime Pits.
 14996 | Lair:6   | Noticed Talea's ghost (journeyman VSMo)
 15014 | Lair:6   | Killed Talea's ghost
 15014 | Lair:6   | Reached ***** piety under the Shining One
 15419 | Lair:6   | Reached skill level 16 in Polearms
 15944 | Lair:7   | Found a deep blue altar of Sif Muna.
 16354 | Lair:8   | Entered Level 8 of the Lair of Beasts
 16792 | Lair:8   | Reached XP level 14. HP: 104/130 MP: 17/18
 17039 | Lair:8   | Found a blossoming altar of Fedhas.
 17138 | Lair:8   | Got a pitted iron amulet
 17154 | Lair:8   | Identified the amulet of Plog {Dismiss SInv} (You found it on level 8 of the Lair of Beasts)
 17620 | Lair:8   | Reached skill level 17 in Polearms
 18466 | D:12     | Lost mutation: You are partially covered in molten scales (AC +1). [mutagenic meat]
 18520 | D:12     | Found a staircase to the Orcish Mines.
 18974 | Orc:1    | Entered Level 1 of the Orcish Mines
 19564 | Orc:2    | Entered Level 2 of the Orcish Mines
 19640 | Orc:2    | Noticed Sonja
 19640 | Orc:2    | Reached ****** piety under the Shining One
 19776 | Orc:2    | Killed Sonja
 19798 | Orc:2    | Noticed a stone giant
 20107 | Orc:2    | Noticed Rupert
 20177 | Orc:1    | Killed a stone giant
 20247 | Orc:1    | Killed Rupert
 20247 | Orc:1    | Reached skill level 15 in Fighting
 20467 | Bazaar   | Entered a bazaar
 20486 | Bazaar   | Found Ceffev's Jewellery Boutique.
 20486 | Bazaar   | Found Omisism's Jewellery Shop.
 20545 | Bazaar   | Found Jafu Kaqi's Jewellery Boutique.
 20545 | Bazaar   | Found Rirghilus's General Store.
 20687 | Bazaar   | Bought the ring "Mymosokk" {rF+ MP+9 Str+3 Slay+5} for 735 gold pieces
 20745 | Bazaar   | Bought a +4 amulet of reflection for 225 gold pieces
 21195 | D:13     | Found a gate to the Vaults.
 21516 | Orc:2    | Found a staircase to the Elven Halls.
 21571 | Orc:2    | Paralysed by an orc sorcerer for 5 turns
 21575 | Orc:2    | HP: 3/135 [orc knight/bardiche (13)]
 21840 | Orc:1    | Reached XP level 15. HP: 106/141 MP: 19/19
 22021 | Orc:2    | Noticed Saint Roka
 22026 | Orc:2    | Reached skill level 18 in Polearms
 22686 | Orc:1    | Slain by Saint Roka

Skill      XL: |  1  2  3  4  5  6  7  8  9 10 11 12 13 14 15 |
---------------+----------------------------------------------+-----
Polearms       | 4 5 6 7 8 10 12 13 14 15 16 17 18 | 18.0
Armour         | 1 2 3 4 5 6 8 9 12 14 | 14.2
Fighting       | 3 4 5 7 8 9 11 12 13 15 | 15.5
Dodging        | 5 |  5.1
Invocations    | 2 5 8 10 | 10.0
Shields        | 4 7 |  7.6
Throwing       | |  2.0

Action                   |  1- 3 |  4- 6 |  7- 9 | 10-12 | 13-15 || total
-------------------------+-------+-------+-------+-------+-------++-------
Melee: Trident           |    91 |   176 |   306 |   788 |  1376 ||  2737
       Headbutt          |     6 |    22 |    53 |   135 |   386 ||   602
Throw: Throwing net      |       |     3 |       |     1 |     3 ||     7
Invok: Cleansing Flame   |       |       |       |       |     2 ||     2
Evoke: Wand              |       |       |       |       |     4 ||     4
  Use: Scroll            |     6 |     9 |     7 |    12 |    13 ||    47
       Potion            |     2 |     4 |     1 |     5 |    13 ||    25
 Stab: Held in net/web   |       |     2 |       |       |     2 ||     4
       Distracted        |       |       |     1 |       |       ||     1
  Eat: Chunk             |     1 |     3 |    18 |    13 |    16 ||    51
       Pizza             |     1 |       |     1 |     2 |     7 ||    11
       Bread ration      |       |     1 |       |       |       ||     1
       Meat ration       |       |       |       |     1 |       ||     1
       Beef jerky        |       |       |       |     3 |     3 ||     6
       Fruit             |       |       |       |       |     1 ||     1
Armor: Leather armour    |    18 |     8 |       |       |       ||    26
       Chain mail        |       |    57 |    56 |       |       ||   113
       Troll leather arm |       |       |    42 |   142 |   303 ||   487
       Skin              |       |       |       |    24 |     4 ||    28
Dodge: Dodged            |    48 |    60 |   118 |   253 |   519 ||   998
Block: Buckler           |       |       |       |    36 |   262 ||   298
       Reflection        |       |       |       |       |     3 ||     3
